 Dungeon Crawl Stone Soup version 0.16-a0-3178-g2c88c44 (webtiles) character file.

1521 Malachi the Reanimator (level 8, -15/54 HPs)
             Began as a Demonspawn Necromancer on Dec 16, 2014.
             Demolished by an orc warrior
             ... wielding a +0 battleaxe
              (29 damage)
             ... on level 6 of the Dungeon.
             The game lasted 00:24:33 (7926 turns).

Malachi the Reanimator (Demonspawn Necromancer)     Turns: 7926, Time: 00:24:34

Health: -15/54     AC:  4    Str:  8    XL:     8   Next: 54%
Magic:  1/22       EV: 13    Int: 20    God:
Gold:   176        SH:  2    Dex: 15    Spells: 5 memorised, 8 levels left

rFire  + . .     SeeInvis .     o - +0 blowgun
rCold  . . .     Rnd*Rage +     v - +0 robe
rNeg   . . .     SustAb   .     (no shield)
rPois  .         Gourm    .     (helmet restricted)
rElec  .         Spirit   .     (no cloak)
rCorr  .         Warding  .     (no gloves)
rMut   .         Rnd*Tele +     (no boots)
MR     .....                    (no amulet)
Stlth  ++........               (no ring)
                                i - ring of protection from fire

@: not resistant to hostile enchantments, unstealthy
A: claws 1, hooves 2, horns 1, large bone plates 1, berserk 1, clever 1,
screaming 1, teleportitis 1, rot immunity
a: no special abilities


You were on level 6 of the Dungeon.
You were not hungry.

You visited 1 branch of the dungeon, and saw 6 of its levels.

You collected 176 gold pieces.

Inventory:

Hand weapons
 d - a +1 morningstar of protection
 n - a +0 hunting sling
 o - a +0 blowgun (weapon)
Missiles
 k - 42 stones
 s - a throwing net
 t - 29 poisoned needles (quivered)
Armour
 v - a +0 robe (worn)
Jewellery
 g - an uncursed amulet of guardian spirit
 h - a +2 ring of intelligence
 i - a ring of protection from fire (left claw)
Scrolls
 e - 3 scrolls of remove curse
 r - a scroll of identify
 u - a scroll of magic mapping
Potions
 a - a potion of cancellation
 f - a potion of haste
 m - 2 potions of might
 p - 3 potions of curing
 q - a potion of agility
 w - 2 potions of berserk rage
Books
 b - a book of Necromancy

   Spells                             Type                      Level
   a - Pain                           Necromancy                   1
   b - Animate Skeleton               Necromancy                   1
   c - Vampiric Draining              Necromancy                   3
   d - Regeneration                   Charms/Necromancy            3
   e - Animate Dead                   Necromancy                   4
   f - Control Undead                 Necromancy                   4
 j - a book of Hinderance

   Spells                             Type                      Level
   a - Confusing Touch                Hexes                        2
   b - Confuse                        Hexes                        3
   c - Petrify                        Transmutation/Earth          4
   d - Metabolic Englaciation         Hexes/Ice                    5
   e - Summon Mana Viper              Hexes/Summoning              5
   f - Gell's Gravitas                Hexes/Translocation          6
Comestibles
 c - 6 bread rations
 l - 3 meat rations


   Skills:
 + Level 1.0 Fighting
 + Level 1.2 Maces & Flails
 + Level 3.0 Dodging
 + Level 2.3 Stealth
 + Level 6.7 Spellcasting
 + Level 0.6 Charms
 + Level 8.9 Necromancy


You had 8 spell levels left.
You knew the following spells:

 Your Spells              Type           Power        Failure   Level  Hunger
a - Pain                  Necr           ####         1%          1    None
b - Vampiric Draining     Necr           #####.....   1%          3    #......
c - Animate Skeleton      Necr           N/A          1%          1    None
d - Regeneration          Chrm/Necr      ####......   6%          3    #......
e - Animate Dead          Necr           N/A          2%          4    ###....


Dungeon Overview and Level Annotations

Branches:
Dungeon (6/15)             Temple (0/1) D:5

Altars:
Ashenzari
Elyvilon
Gozag
Trog
Yredelemnul


Innate Abilities, Weirdness & Mutations

You have hoof-like feet.
You are partially covered in large bone plates (AC +2, SH +2).
You are immune to rotting.
You have sharp fingernails.
You have a pair of small horns on your head.
You tend to lose your temper in combat.
Your mind is acute. (Int +2)
You occasionally shout uncontrollably at your foes.
Space occasionally distorts in your vicinity.


Message History

Okay, then.
Wield which item (- for none, * to show all)? (? for menu, Esc to quit)
o - a +0 blowgun (weapon)
Firing (i - inventory. (,) - cycle):
t - 31 poisoned needles (quivered)
Press: ? - help, Shift-Dir - straight line, f/p - orc warrior
Aim: an orc warrior, wielding a battleaxe and wearing a chain mail (severely wounded)
You shoot a poisoned needle.
The poisoned needle closely misses the orc warrior.
The orc warrior hits you with a battleaxe!
* * * LOW HITPOINT WARNING * * *
Firing (i - inventory. (,) - cycle):
t - 30 poisoned needles (quivered)
Press: ? - help, Shift-Dir - straight line, f/p - orc warrior
Aim: an orc warrior, wielding a battleaxe and wearing a chain mail (severely wounded)
You shoot a poisoned needle.
The poisoned needle hits the orc warrior!
The orc warrior is poisoned.
The orc warrior is severely wounded.
The orc warrior hits you with a battleaxe!!
Ouch! That really hurt!
You die...

#..##)# ##
#Z###)# .. #.#
#.# .# #.# #.#
.# # #.# #.#
.#.# #†# #.#
.#.# #.# #.#
.#.#####.#
#.########.##.
...Z.....#
#(..o@......$.
(..####..#
##########.###
(######..#
.........#
.######.##
.### #. ...##
#. (...# #.
###>....


You could see an orc warrior.

Vanquished Creatures
  Prince Ribbit (D:6)
  The ghost of Johnny the Bolt Thrower, an average HuHu (D:4)
  An ice beast (D:6)
  2 ogres (D:4)
  2 giant frogs (D:6)
  3 crimson imps
  2 orc priests
  An iguana (D:6)
  7 orc wizards
  2 hounds (D:4)
  3 worker ants
  Jessica (D:3)
  A worker ant zombie (D:5)
  9 adders
  7 gnolls
  3 worms
  A giant mite (D:4)
  An adder zombie (D:5)
  2 giant geckos
  An ooze (D:2)
  23 orcs
  10 giant cockroaches
  9 goblins
  12 hobgoblins
  2 quokkas
  2 ball pythons
  13 bats
  3 giant newts
  7 kobolds
  An orc skeleton (D:4)
  10 rats
143 creatures vanquished.

Vanquished Creatures (collateral kills)
  An iguana (D:6)
  An orc wizard (D:4)
  A giant frog skeleton (D:5)
  3 orcs
  A giant cockroach (D:1)
  A hobgoblin (D:3)
  A ball python (D:3)
  A rat (D:5)
10 creatures vanquished.

Vanquished Creatures (others)
  A giant frog zombie (D:6)
  A human zombie (D:6)
  2 hound zombies (D:4)
  An iguana zombie (D:6)
  An adder skeleton (D:2)
  6 bat skeletons
  A gnoll zombie (D:6)
  2 giant newt skeletons (D:3)
  A goblin skeleton (D:4)
  A hobgoblin skeleton (D:3)
  2 kobold skeletons
  2 orc skeletons
  10 orc zombies
  A quokka skeleton (D:4)
32 creatures vanquished.

Grand Total: 185 creatures vanquished

Notes
Turn   | Place    | Note
--------------------------------------------------------------
     0 | D:1      | Malachi, the Demonspawn Necromancer, began the quest for the Orb.
     0 | D:1      | Reached XP level 1. HP: 13/13 MP: 3/3
   235 | D:1      | Learned a level 1 spell: Animate Skeleton
   520 | D:1      | Gained mutation: You are immune to rotting. [demonic ancestry]
   520 | D:1      | Reached XP level 2. HP: 10/19 MP: 1/4
   770 | D:1      | Reached skill level 5 in Necromancy
  2023 | D:2      | Gained mutation: You have large cloven feet. [demonic ancestry]
  2023 | D:2      | Reached XP level 3. HP: 24/24 MP: 4/6
  2672 | D:2      | Reached XP level 4. HP: 27/30 MP: 4/8
  3183 | D:3      | Noticed Jessica
  3187 | D:3      | Killed Jessica
  3646 | D:3      | Gained mutation: You are partially covered in large bone plates (AC +2, SH +2). [demonic ancestry]
  3646 | D:3      | Reached XP level 5. HP: 25/35 MP: 0/11
  3669 | D:3      | Reached skill level 6 in Necromancy
  3852 | D:3      | Learned a level 3 spell: Vampiric Draining
  3856 | D:3      | Learned a level 3 spell: Regeneration
  4601 | D:4      | Noticed Johnny's ghost (average HuHu)
  4778 | D:4      | Learned a level 4 spell: Animate Dead
  4835 | D:4      | Reached XP level 6. HP: 36/41 MP: 9/15
  5410 | D:4      | Noticed an ogre
  5467 | D:4      | Killed an ogre
  5467 | D:4      | Reached skill level 5 in Spellcasting
  5470 | D:4      | Reached skill level 7 in Necromancy
  5470 | D:4      | Reached XP level 7. HP: 35/46 MP: 2/18
  5573 | D:4      | Noticed an ogre
  5582 | D:4      | Killed an ogre
  5661 | D:4      | Killed Johnny's ghost
  5970 | D:5      | Entered Level 5 of the Dungeon
  6561 | D:5      | Found a shattered altar of Ashenzari.
  6776 | D:5      | Gained mutation: You have a pair of small horns on your head. [potion of mutation]
  6776 | D:5      | Gained mutation: Your mind is acute. (Int +2) [potion of mutation]
  6776 | D:5      | Gained mutation: You have sharp fingernails. [potion of mutation]
  6799 | D:5      | Found a staircase to the Ecumenical Temple.
  6842 | D:5      | Reached skill level 8 in Necromancy
  7476 | D:5      | Gained mutation: You have hoof-like feet. [demonic ancestry]
  7476 | D:5      | Reached XP level 8. HP: 51/53 MP: 21/21
  7505 | D:5      | Found a basalt altar of Yredelemnul.
  7506 | D:5      | Found an opulent altar of Gozag.
  7506 | D:5      | Found a bloodstained altar of Trog.
  7547 | D:6      | Found a white marble altar of Elyvilon.
  7549 | D:6      | Noticed Prince Ribbit
  7580 | D:6      | Killed Prince Ribbit
  7580 | D:6      | Reached skill level 1 in Maces & Flails
  7632 | D:6      | Gained mutation: You occasionally shout uncontrollably at your foes. [potion of mutation]
  7632 | D:6      | Gained mutation: Space occasionally distorts in your vicinity. [potion of mutation]
  7632 | D:6      | Gained mutation: You tend to lose your temper in combat. [potion of mutation]
  7796 | D:6      | Reached skill level 1 in Fighting
  7898 | D:6      | Your ally Prince Ribbit died
  7926 | D:6      | Demolished by an orc warrior

Action                   |  1- 3 |  4- 6 |  7- 9 || total
-------------------------+-------+-------+-------++-------
Melee: Unarmed           |     2 |       |       ||     2
       Mace              |     2 |       |       ||     2
       Flail             |       |    23 |    54 ||    77
       Morningstar       |       |       |    52 ||    52
 Fire: Blowgun           |       |     2 |     2 ||     4
Throw: Stone             |       |     1 |       ||     1
 Cast: Pain              |    61 |   143 |    58 ||   262
       Animate Skeleton  |    11 |    24 |       ||    35
       Vampiric Draining |       |    10 |    14 ||    24
       Animate Dead      |       |     4 |    13 ||    17
       Regeneration      |       |       |     5 ||     5
  Use: Scroll            |       |     8 |    10 ||    18
       Potion            |       |     1 |     3 ||     4
 Stab: Distracted        |       |       |     1 ||     1
  Eat: Chunk             |     5 |     9 |       ||    14
       Fruit             |       |     2 |     3 ||     5
       Bread ration      |       |       |     2 ||     2
       Pizza             |       |       |     1 ||     1
